 Dungeon Crawl Stone Soup version 0.17.0-28-g6e173f8 (webtiles) character file.

488 dorian the Conjurer (level 7, -6/41 HPs)
             Began as an Octopode Conjurer on Dec 1, 2015.
             Was an Initiate of Vehumet.
             Mangled by Edmund
             ... wielding a +1 flail of protection
              (8 damage)
             ... on level 5 of the Dungeon on Dec 3, 2015.
             The game lasted 00:10:20 (4595 turns).

dorian the Conjurer (Octopode Conjurer)             Turns: 4595, Time: 00:10:20

Health: -6/41      AC:  1    Str:  8    XL:     7   Next: 13%
Magic:  0/13       EV: 12    Int: 19    God:    Vehumet [......]
Gold:   231        SH:  0    Dex: 12    Spells: 3 memorised, 6 levels left

rFire  + . .     SeeInvis .     d - staff of fire
rCold  . . .     Clarity  .     (no shield)
rNeg   . . .     SustAt   .     (helmet restricted)
rPois  .         Gourm    .     (no amulet)
rElec  .         Spirit   .     q - ring of invisibility
rCorr  .         Warding  .     (no ring)
rMut   .         Stasis   .     (no ring)
MR     .....                    (no ring)
Stlth  +++.......               (no ring)
                                (no ring)
                                (no ring)
                                (no ring)

@: very slightly contaminated, not resistant to hostile enchantments, fairly
stealthy
A: almost no armour, amphibious, 8 rings, constrict 8, camouflage 1, gelatinous
body 1
a: Renounce Religion, Evoke Invisibility


You were on level 5 of the Dungeon.
You worshipped Vehumet.
Vehumet was noncommittal.
You were not hungry.

You visited 2 branches of the dungeon, and saw 6 of its levels.

You collected 231 gold pieces.

Inventory:

Hand Weapons
 n - a +0 dagger
Magical Staves
 d - an uncursed staff of fire (weapon)
Jewellery
 q - a ring of invisibility (left tentacle)
Scrolls
 c - 2 scrolls of identify
 j - a scroll of fear {unknown}
 k - 2 scrolls of enchant weapon
 t - a scroll of random uselessness {unknown}
Potions
 e - a potion of ambrosia {unknown}
 i - a potion of curing {unknown}
 r - a potion of mutation
 s - 2 potions of lignification {unknown}
Books
 a - a book of Conjurations

   Spells                             Type                      Level
   a - Magic Dart                     Conjuration                  1
   b - Searing Ray                    Conjuration                  2
   c - Dazzling Spray                 Conjuration/Hexes            3
   d - Fulminant Prism                Conjuration/Hexes            4
   e - Iskenderun's Mystic Blast      Conjuration                  4
   f - Iskenderun's Battlesphere      Conjuration/Charms           5
Comestibles
 b - 6 bread rations
 f - 2 meat rations
 g - 6 fruits
 h - a royal jelly
 l - a slice of pizza
 m - a beef jerky


   Skills:
 - Level 2.0 Dodging
 - Level 2.6 Stealth
 + Level 4.1 Spellcasting
 * Level 7.3 Conjurations


You had 6 spell levels left.
You knew the following spells:

 Your Spells              Type           Power        Failure   Level  Hunger
a - Magic Dart            Conj           ####         1%          1    None
b - Searing Ray           Conj           ####..       1%          2    ##.....
c - Iskenderun's Battles  Conj/Chrm      ###.....     85%         5    ######.


Dungeon Overview and Level Annotations

Branches:
Dungeon (5/15)             Temple (1/1) D:4

Altars:
Ashenzari
Cheibriados
Dithmenos
Elyvilon
Fedhas
Gozag
Kikubaaqudgha
Makhleb
Nemelex Xobeh
Okawaru
Qazlal
Ru
Sif Muna
Trog
Vehumet
Xom
Yredelemnul
Zin
The Shining One

Shops:
D:4 %

Annotations:
D:3 Pikel; lucasterio's ghost, amateur DrTm
D:5 Edmund


Innate Abilities, Weirdness & Mutations

You cannot wear most types of armour.
You are amphibious.
You can wear up to eight rings at the same time.
You can use your tentacles to constrict eight enemies at once.
Your skin changes colour to match your surroundings (Stealth).
Your rubbery body absorbs attacks (AC +1).


Message History

You are very lightly contaminated with residual magic.
You are momentarily dazzled by a flash of light!
Edmund misses you.
Casting: Searing Ray
Confirm with . or Enter, or press ? or * to list all spells.
Aiming: Searing Ray
Press: ? - help, Shift-Dir - straight line, f/p - Edmund
Aim: Edmund, wielding a flail of protection and wearing a ring mail (moderately wounded)
The searing ray hits Edmund.
Edmund is moderately wounded.
Edmund hits you with a flail of protection!
* * * LOW HITPOINT WARNING * * *
The searing ray hits Edmund.
Edmund is moderately wounded.
Edmund hits you with a flail of protection!
* * * LOW HITPOINT WARNING * * *
The searing ray hits Edmund.
Edmund is moderately wounded.
Edmund hits you with a flail of protection!
You die...

'##..# #....# .....#
#+###....# .....#
#..#.....# #'####
+..#.....# .....#
#..#.....#
..g..#########..#.....#
............##..##....#
####'##....(##..##....#
......########..@.....#
......g......#.@#..<..#
.............##'##....#
.................#....#
.................#....#
####+##'#####....#....#
............#....##+###
............#........
............+........


You could see Edmund.

Vanquished Creatures
  Menkaure (D:4)
  3 slaves (D:4)
  An ogre (D:4)
  Ijyb (D:2)
  A quasit (D:5)
  Terence (D:2)
  2 hounds
  9 adders
  An adder skeleton (D:4)
  A worm (D:3)
  2 giant geckos
  An orc (D:4)
  2 giant cockroaches
  5 goblins
  7 hobgoblins
  4 jackals (D:4)
  2 quokkas (D:2)
  3 ball pythons
  4 bats
  2 giant newts (D:3)
  10 kobolds
  10 rats
73 creatures vanquished.

Notes
Turn   | Place    | Note
--------------------------------------------------------------
     0 | D:1      | dorian the Octopode Conjurer began the quest for the Orb.
     0 | D:1      | Reached XP level 1. HP: 11/11 MP: 3/3
   207 | D:1      | Reached XP level 2. HP: 17/17 MP: 3/5
   745 | D:2      | Reached XP level 3. HP: 21/21 MP: 3/6
   842 | D:2      | Noticed Ijyb
  1182 | D:2      | Reached skill level 5 in Conjurations
  1185 | D:2      | Reached XP level 4. HP: 27/27 MP: 1/7
  1280 | D:2      | Found a glowing golden altar of the Shining One.
  1437 | D:2      | Learned a level 2 spell: Searing Ray
  1457 | D:2      | Found a sparkling altar of Nemelex Xobeh.
  1458 | D:2      | Noticed Terence
  1492 | D:2      | Killed Terence
  1764 | D:2      | Killed Ijyb
  1764 | D:2      | Reached XP level 5. HP: 8/31 MP: 0/9
  2369 | D:3      | Reached skill level 6 in Conjurations
  3110 | D:4      | Noticed an ogre
  3131 | D:4      | Killed an ogre
  3131 | D:4      | Reached XP level 6. HP: 36/36 MP: 5/11
  3276 | D:4      | Noticed a slave
  3276 | D:4      | Noticed a slave
  3310 | D:4      | Killed a slave
  3472 | D:4      | Noticed Menkaure
  3477 | D:4      | Killed Menkaure
  3477 | D:4      | Reached skill level 7 in Conjurations
  3543 | D:4      | Found Visumos's Food Shop.
  3561 | D:4      | Reached XP level 7. HP: 26/41 MP: 0/12
  3702 | D:5      | Entered Level 5 of the Dungeon
  3762 | D:4      | Found a staircase to the Ecumenical Temple.
  3771 | Temple   | Entered the Ecumenical Temple
  3811 | Temple   | Became a worshipper of Vehumet
  4030 | D:4      | Noticed a slave
  4039 | D:4      | Noticed Pikel
  4041 | D:4      | Killed a slave
  4042 | D:4      | Noticed a slave
  4209 | D:3      | Noticed lucasterio's ghost (amateur DrTm)
  4298 | D:4      | Killed a slave
  4305 | D:4      | Learned a level 5 spell: Iskenderun's Battlesphere
  4551 | D:5      | Noticed Edmund
  4594 | D:5      | HP: 2/41 [Edmund/flail of protection (7)]
  4595 | D:5      | Mangled by Edmund

Action                   |  1- 3 |  4- 6 |  7- 9 || total
-------------------------+-------+-------+-------++-------
Melee: Unarmed           |    20 |    32 |       ||    52
       Dagger            |       |    10 |       ||    10
       Staff             |       |     7 |     1 ||     8
 Cast: Magic Dart        |    48 |    65 |    21 ||   134
       Searing Ray       |       |    10 |     8 ||    18
  Use: Scroll            |       |     8 |       ||     8
 Stab: Sleeping          |     2 |       |       ||     2
  Eat: Chunk             |     1 |     8 |     3 ||    12
